 Dungeon Crawl Stone Soup version 0.29-a0-25-g7f48f510a0 (webtiles) character file.

Game seed: 121451427759807099

65 dolemite99 the Chopper (level 4, -3/39 HPs)
             Began as a Hill Orc Monk on Feb 1, 2022.
             Was a Priest of Fedhas.
             Slain by an orc (17 damage)
             ... on level 3 of the Dungeon.
             The game lasted 00:02:27 (3453 turns).

dolemite99 the Chopper (Hill Orc Monk)              Turns: 3453, Time: 00:02:28

Health: -3/39      AC: 10    Str: 15    XL:     4   Next: 14%
Magic:  4/4        EV:  6    Int: 10    God:    Fedhas [***...]
Gold:   162        SH:  0    Dex: 13    Spells: 3/3 levels left

rFire   . . .      SeeInvis .   a - +0 hand axe
rCold   . . .      Faith    .   (no shield)
rNeg    . . .      Spirit   .   f - +2 chain mail
rPois   .          Reflect  .   (no helmet)
rElec   .          Harm     .   (no cloak)
rCorr   .          Rampage  .   (no gloves)
Will    .....                   (no boots)
Stlth   ..........              (no amulet)
HPRegen 0.13/turn               (no ring)
MPRegen 0.09/turn               (no ring)

@: no status effects
A: no striking features
a: Renounce Religion, Wall of Briars, Grow Ballistomycete


You were on level 3 of the Dungeon.
You worshipped Fedhas.
Fedhas was most pleased with you.
You visited 1 branch of the dungeon, and saw 4 of its levels.

You collected 162 gold pieces.

Inventory:

Hand Weapons
 a - a +0 hand axe (weapon)
 o - a +0 hunting sling
Missiles
 d - 90 stones (quivered)
 e - 50 arrows
Armour
 f - a +2 chain mail (worn)
Potions
 g - a potion of cancellation
 h - a potion of attraction
 n - a potion of degeneration {unknown}


   Skills:
 - Level 3.6 Fighting
 + Level 6.5 Axes
 - Level 2.4 Dodging
 - Level 1.5 Stealth


You had 3 spell levels left.
You didn't know any spells.
Your spell library contained the following spells:

 Spells                   Type           Power      Damage    Failure   Level
 Freeze                   Ice            0%         1d3       100%        1
 Slow                     Hex            0%         N/A       100%        1
 Summon Small Mammal      Summ           0%         N/A       100%        1
 Corpse Rot               Necr/Air       0%         N/A       100%        2
 Poisonous Vapours        Pois/Air       0%         N/A       100%        2
 Call Canine Familiar     Summ           0%         N/A       100%        3
 Confusing Touch          Hex            0%         N/A       100%        3
 Frozen Ramparts          Ice            0%         1d2       100%        3
 Summon Guardian Golem    Hex/Summ       0%         N/A       100%        3
 Vampiric Draining        Necr           0%         2d6       100%        3
 Hailstorm                Conj/Ice       0%         3d3       100%        4


Dungeon Overview and Level Annotations

Branches:
Dungeon (4/15)
 Temple: D:4-7

Altars:
Fedhas


Message History

You are too injured to fight recklessly!
You are too injured to fight recklessly!
You are too injured to fight recklessly!
You are too injured to fight recklessly!
You are too injured to fight recklessly!
You are too injured to fight recklessly!
You are too injured to fight recklessly!
You are too injured to fight recklessly!
You are too injured to fight recklessly!
You are too injured to fight recklessly!
You are too injured to fight recklessly!
You are too injured to fight recklessly!
You are too injured to fight recklessly!
You are too injured to fight recklessly!
You are too injured to fight recklessly!
You are too injured to fight recklessly!
You are too injured to fight recklessly!
You are too injured to fight recklessly!
You are too injured to fight recklessly!
You hit the orc.
The orc is heavily wounded.
You hit the orc. You barely miss the orc.
The orc hits you but does no damage. x2
The orc barely misses you.
You hit the orc but do no damage.
The orc is heavily wounded.
You closely miss the orc. You hit the orc.
You kill the orc!
Fedhas appreciates your contribution to the ecosystem.
The orc hits you with a +1 whip of electrocution.
The orc hits you with a +0 dagger.
You closely miss the orc.
The orc is almost dead.
You hit the orc but do no damage. The orc closely misses you.
The orc hits you but does no damage.
You closely miss the orc.
The orc is almost dead.
You hit the orc but do no damage. The orc hits you but does no damage.
You are electrocuted!
You die...
Fedhas appreciates your contribution to the ecosystem.

#.# #.....#.# #.#.#
#.# #.....#.# #.#.#
#.# ##.##.#.# #.#.#
#.# #..#.#.# #.#.#
#.#####.#.#.#####.#.#
#.....#...#.#.)...#.#
#####.....#.#.#####.#
#...)o#.#.#<..#.#
#..).@#.#.#.#.#.#
#....o#.#.###.#.#
#.....#.#.....#.#
#.....#.#######.#
#.....#.........#
#################


You could see 2 orcs.

Vanquished Creatures
  A worm (D:3)
  2 dart slugs
  4 orcs (D:3)
  7 bats
  3 endoplasms
  A giant cockroach (D:1)
  3 hobgoblins
  7 jackals
  3 kobolds (D:3)
  3 quokkas
  5 ball pythons
  3 frilled lizards
  6 goblins
  2 rats (D:3)
50 creatures vanquished.

Notes
Turn   | Place    | Note
-------+----------+-------------------------------------------
     0 | D:1      | dolemite99 the Hill Orc Monk began the quest for the Orb.
     0 | D:1      | Reached XP level 1. HP: 19/19 MP: 1/1
   342 | D:1      | Reached XP level 2. HP: 26/26 MP: 2/2
   503 | D:1      | Reached skill level 5 in Axes
  1135 | D:1      | Found a faded altar of an unknown god.
  1219 | D:1      | Prayed at the altar of an unknown god.
  1219 | D:1      | Became a worshipper of Fedhas Madash
  1219 | D:1      | Reached * piety under Fedhas
  1219 | D:1      | Reached ** piety under Fedhas
  1330 | D:2      | Reached XP level 3. HP: 31/31 MP: 3/3
  1832 | D:2      | Reached *** piety under Fedhas
  2502 | D:3      | Reached skill level 6 in Axes
  2820 | D:3      | Reached XP level 4. HP: 38/39 MP: 4/4
  3444 | D:4      | Noticed a water moccasin
  3453 | D:3      | Slain by an orc

Illustrated notes

Levels and vault maps discovered:
D:1:      scummos_arrival_simple_crosswalls, layout_basic,
          shapermc_ecumenical_altar_hornbeckon
D:2:      layout_basic
D:3:      layout_basic
D:4:      layout_cave_pools, mainiacjoe_overflow_catwalk_spiral,
          minmay_temple_entry_arrows, nzn_random_ring

Skill      XL: |  1  2  3 |
---------------+----------+-----
Axes           | 5 6 |  6.5
Fighting       | |  3.6
Dodging        | |  2.4
Stealth        | |  1.5

Action                   |  1- 3 |  4- 6 || total
-------------------------+-------+-------++-------
Melee: Hand axe          |   143 |    18 ||   161
       Punch             |     3 |     1 ||     4
Throw: Stone             |    50 |     6 ||    56
  Use: Scroll            |     1 |     8 ||     9
 Stab: Sleeping          |     1 |       ||     1
Armor: Robe              |    14 |       ||    14
       Chain mail        |    62 |    15 ||    77
Dodge: Dodged            |    45 |     8 ||    53

Table legend: (Time is in decaauts)
 A = Elapsed time spent in this place.
 B = Non-inter-level travel time spent in this place.
 C = Inter-level travel time spent in this place.
 D = Time resting spent in this place.
 E = Time spent auto-exploring this place.
 F = Levels seen in this place.
 G = Mean time per level.
                   A        B        C        D        E       F      G
               +--------+--------+--------+--------+--------+-----+--------+
         Total |   3474 |   3275 |    199 |    263 |   2522 |   4 |  868.5 |
       Dungeon |   3474 |   3275 |    199 |    263 |   2522 |   4 |  868.5 |
               +--------+--------+--------+--------+--------+-----+--------+

Top non-repeatable levels by time:
     D:1: 1290 daAuts
     D:3: 1151 daAuts
     D:2: 1028 daAuts
     D:4: 4 daAuts
